 Dungeon Crawl Stone Soup version 0.23.2-1-ga50397a6bc (webtiles) character file.

Game seed: 12549618909868709179

16 Descartes the Scratcher (level 2, 0/12 HPs)
             Began as a Felid Transmuter on Apr 20, 2019.
             Slain by a bat (1 damage)
             ... on level 1 of the Dungeon.
             The game lasted 00:01:16 (355 turns).

Descartes the Scratcher (Felid Transmuter)           Turns: 355, Time: 00:01:16

Health: 0/12       AC:  1    Str:  6    XL:     2   Next: 41%
Magic:  6/6        EV: 18    Int: 14    God:
Gold:   20         SH:  0    Dex: 16    Spells: 4/5 levels left
                                        Lives:  0   Deaths: 0

rFire    . . .     SeeInvis +     - Unarmed
rCold    . . .     Gourm    .   (shield unavailable)
rNeg     . . .     Faith    .   (armour unavailable)
rPois    .         Spirit   .   (helmet unavailable)
rElec    .         Reflect  .   (cloak unavailable)
rCorr    .         Harm     .   (gloves unavailable)
MR       .....                  (boots unavailable)
Stlth    ++........             (no amulet)
HPRegen  0.04/turn              (no ring)
MPRegen  0.10/turn              (no ring)

@: quick
A: very small, no armour, no weapons or thrown items, stealth, claws 1, fangs 3,
see invisible, carnivore, speed 1, shaggy fur 1, slow metabolism 1, sharp paws
a: no special abilities


You were on level 1 of the Dungeon.
You were completely stuffed.

You visited 1 branch of the dungeon, and saw 1 of its levels.

You collected 20 gold pieces.

Inventory:

Missiles
 a - 12 arrows
Jewellery
 e - an uncursed amulet of rage {unknown}
Scrolls
 b - a scroll of magic mapping {unknown}
 d - a scroll of identify {unknown}
Potions
 f - a potion of curing {unknown}
Comestibles
 c - a ration
 g - 5 chunks of flesh


   Skills:
 + Level 1.1 Fighting
 * Level 3.0 Dodging
 + Level 0.7 Stealth
 * Level 3.2 Unarmed Combat
 + Level 2.1 Spellcasting
 * Level 2.5 Transmutations


You had 4 spell levels left.
You knew the following spells:

 Your Spells              Type           Power        Failure   Level  Hunger
a - Beastly Appendage     Tmut           #.....       9%          1    ##.....

Your spell library contained the following spells:

 Spells                   Type           Power        Failure   Level  Hunger
 Sticks to Snakes         Tmut           #.......     13%         2    ###....
 Spider Form              Tmut/Pois      #.........   38%         3    ####...
 Ice Form                 Ice/Tmut       #.......     80%         4    #####..
 Blade Hands              Tmut           #.........   93%         5    ######.


Dungeon Overview and Level Annotations

Branches:
Dungeon (1/15)

Altars:


Innate Abilities, Weirdness & Mutations

You cannot wear armour.
You are incapable of wielding weapons or throwing items.
Your paws allow you to move quietly. (Stealth)
You have sharp claws.
You have razor-sharp teeth.
You have supernaturally acute eyesight. (SInv)
You are carnivorous and can eat meat at any time.
You cover ground quickly.
You are covered in fur. (AC +1)
You have a slow metabolism.
Your sharp claws are effective at attacking unaware monsters.


Message History

Your horns disappear.
The bat misses you. The bat completely misses you. The bat hits you.
* * * LOW HITPOINT WARNING * * *
The bat closely misses you. The bat completely misses you. The bat misses you.
The bat barely misses you. The bat misses you. The bat misses you.
The bat misses you. The bat hits you but does no damage.
The bat closely misses you. The bat completely misses you.
The bat completely misses you. The bat completely misses you. The bat hits you.
* * * LOW HITPOINT WARNING * * *
The bat hits you.
You die...

........#...........#.[......÷...
....... #...........#............
..###.# #...........#............
.##.#.###..........÷....##...##.#
...................)###....#.....
....................###..###.....
......g##...............## #.....
.....#..#####....##...#.# #[.###
....ggl...##...b@....... #..##.
#.#..###gglg.########.### #..#.'
#......#.##### .# #..#.#
####.#.#.# .. #.# #.#...# #.# ##.
#.###.# .. ### ### #.# ... #.#
... #.# ...


You could see a hobgoblin, a goblin, a bat and a frilled lizard.

Vanquished Creatures
  A dart slug (D:1)
  A leopard gecko (D:1)
  A giant cockroach (D:1)
  2 goblins (D:1)
  2 hobgoblins (D:1)
  3 bats (D:1)
  A kobold (D:1)
  A rat (D:1)
12 creatures vanquished.

Notes
Turn   | Place    | Note
-------+----------+-------------------------------------------
     0 | D:1      | Descartes the Felid Transmuter began the quest for the Orb.
     0 | D:1      | Reached XP level 1. HP: 9/9 MP: 4/4
   112 | D:1      | Reached XP level 2. HP: 11/12 MP: 4/6
   355 | D:1      | Slain by a bat

Skill      XL: |  1 |
---------------+----+-----
Dodging        | 3 |  3.0
Fighting       | |  1.1
Stealth        | |  0.7
Unarmed Combat | |  3.2
Spellcasting   | |  2.1
Transmutations | |  2.5

Action                   || total
-------------------------++-------
Melee: Unarmed           ||    30
       Headbutt          ||     6
       Bite              ||     3
 Cast: Beastly Appendage ||     8
 Stab: Sleeping          ||     2
  Eat: Chunk             ||     6
Armor: Skin              ||     9
Dodge: Dodged            ||    79
